 Dungeon Crawl Stone Soup version 0.29.1-2-gbd0b4ee654 (webtiles) character file.

Game seed: 9747571470566837090

77542 LustLizard the Marksspriggan (level 15, -10/78 HPs)
             Began as a Spriggan Hunter on Nov 30, 2022.
             Was the Champion of Dithmenos.
             Mangled by a caustic shrike simulacrum (32 damage)
             ... in an ice cave on Dec 1, 2022.
             The game lasted 01:12:19 (25101 turns).

LustLizard the Marksspriggan (Spriggan Hunter)     Turns: 25101, Time: 01:12:19

Health: -10/78     AC: 12    Str:  7    XL:     15   Next: 15%
Magic:  20/20      EV: 29    Int: 14    God:    Dithmenos [******]
Gold:   1911       SH:  0    Dex: 25    Spells: 13/18 levels left

rFire   + + .      SeeInvis +   K - +2 arbalest (flame)
rCold   . . .      Faith    .   (shield currently unavailable)
rNeg    . . .      Spirit   .   G - +0 swamp dragon scales of Integrity {rPois Int+4}
rPois   +          Reflect  .   H - +1 hat of Impressiveness {rPois rF++ Int-2}
rElec   .          Harm     .   L - +2 cloak of the Thief {*Fog Slay-2 SInv Stlth+}
rCorr   .          Rampage  .   (gloves unavailable)
Will    ++...                   (boots unavailable)
Stlth   ++++++++++              c - amulet of regeneration
HPRegen 1.03/turn               Y - +4 ring of slaying
MPRegen 0.17/turn               P - +4 ring of evasion

@: wreathed by umbra, very quick
A: very small, no large weapons, unfitting armour, see invisible, speed 3
a: Renounce Religion, Shadow Step, Shadow Form


You were in an ice cave.
You worshipped Dithmenos.
Dithmenos was exalted by your worship.
You visited 3 branches of the dungeon, and saw 20 of its levels.
You also visited: Bailey, Ice Cave and Volcano.

You collected 1911 gold pieces.

Inventory:

Hand Weapons
 o - the +8 falchion of Laceration {holy, rF+ rC+}
   (You found it on level 5 of the Lair of Beasts)

   It has been blessed by the Shining One to cause great damage to the undead
   and demons.
   rF:        It protects you from fire.
   rC:        It protects you from cold.
 D - the +4 sling of the Six Gods {speed, rC+ rN+ rCorr Dex+4}
   (You found it in a bailey)

   Attacks with this weapon are significantly faster.
   Dex:       It affects your dexterity (+4).
   rC:        It protects you from cold.
   rN:        It protects you from negative energy.
   rCorr:     It protects you from acid and corrosion.
 F - the +9 sling "Beodyzom" {flame, Fly rElec}
   (You found it in a bailey)

   Any ammunition fired from it burns those it strikes, dealing additional fire
   damage.
   rElec:     It insulates you from electricity.
   Fly:       It grants you flight.
 K - a +2 arbalest of flaming (weapon)
Missiles
 e - a throwing net
Armour
 k - a +0 cloak of fire resistance
 x - +0 fire dragon scales
 G - the +0 swamp dragon scales of Integrity (worn) {rPois Int+4}
   (You took it off an orc in a bailey)

   Int:       It affects your intelligence (+4).
   rPois:     It protects you from poison.
 H - the +1 hat of Impressiveness (worn) {rPois rF++ Int-2}
   (You acquired it in a bailey)

   Int:       It affects your intelligence (-2).
   rF:        It greatly protects you from fire.
   rPois:     It protects you from poison.
 L - the +2 cloak of the Thief (worn) {*Fog Slay-2 SInv Stlth+}
   (You found it on level 8 of the Dungeon)

   It may release a thick cloud of smoke when the wearer is hurt.
   Slay:      It affects your accuracy & damage with ranged weapons and melee
   (-2).
   SInv:      It lets you see invisible.
   Stlth:     It makes you more stealthy.
Jewellery
 a - a +4 ring of evasion
 c - an amulet of regeneration (around neck)
 j - a +6 ring of intelligence
 m - a ring of wizardry
 s - a ring of resist corrosion
 J - a ring of protection from fire
 N - an amulet of reflection
 P - a +4 ring of evasion (right hand)
 T - a +6 ring of dexterity
 U - a ring of positive energy
 Y - a +4 ring of slaying (left hand)
Wands
 Q - a wand of charming (20)
 S - a wand of iceblast (9)
 W - a wand of flame (10)
Scrolls
 b - 4 scrolls of immolation
 f - 5 scrolls of magic mapping
 g - 3 scrolls of poison
 q - 2 scrolls of amnesia
 t - 2 scrolls of fear
 u - a scroll of summoning
 v - 5 scrolls of vulnerability
 w - 5 scrolls of enchant weapon
 y - 2 scrolls of noise
 z - a scroll of butterflies
 C - 3 scrolls of enchant armour
 E - 4 scrolls of blinking
 M - 10 scrolls of teleportation
 X - 2 scrolls of silence
Potions
 d - 16 potions of curing
 h - 2 potions of attraction
 i - 5 potions of heal wounds
 l - 3 potions of cancellation
 n - 3 potions of resistance
 p - 4 potions of brilliance
 r - 3 potions of mutation
 A - 4 potions of ambrosia
 B - 4 potions of haste
 I - 5 potions of invisibility
 O - 2 potions of flight
 R - a potion of might
Miscellaneous
 V - a box of beasts
 Z - a phantom mirror


   Skills:
 + Level 8.4 Fighting
 - Level 19.2 Ranged Weapons
 - Level 3.8 Armour
 + Level 13.1 Dodging
 + Level 10.9 Stealth
 - Level 2.4 Spellcasting
 - Level 1.7 Hexes
 - Level 2.5 Transmutations
 - Level 1.0 Fire Magic
 - Level 6.1 Invocations
 + Level 11.5 Evocations


You had 13 spell levels left.
You knew the following spells:

 Your Spells              Type           Power      Damage    Failure   Level
a - Wereblood             Tmut           8%         N/A       36%         2
b - Inner Flame           Hex/Fire       5%         N/A       77%         3

Your spell library contained the following spells:

 Spells                   Type           Power      Damage    Failure   Level
 Slow                     Hex            24%        N/A       36%         1
 Foxfire                  Conj/Fire      12%        2x1d4     52%         1
 Magic Dart               Conj           4%         1d3       58%         1
 Summon Small Mammal      Summ           4%         N/A       58%         1
 Ensorcelled Hibernation  Hex/Ice        8%         N/A       61%         2
 Call Imp                 Summ           1%         N/A       73%         2
 Sublimation of Blood     Necr           1%         N/A       73%         2
 Confusing Touch          Hex            6%         N/A       73%         3
 Tukima's Dance           Hex            6%         N/A       73%         3
 Spider Form              Tmut/Pois      5%         N/A       78%         3
 Portal Projectile        Hex/Tloc       8%         N/A       83%         3
 Summon Guardian Golem    Hex/Summ       4%         N/A       83%         3
 Conjure Flame            Conj/Fire      3%         6-21      87%         3
 Call Canine Familiar     Summ           1%         N/A       91%         3
 Mephitic Cloud           Conj/Pois/Air  1%         N/A       91%         3
 Vampiric Draining        Necr           1%         2d6       91%         3
 Cause Fear               Hex            3%         N/A       98%         4
 Anguish                  Hex/Necr       2%         N/A       99%         4
 Flame Wave               Conj/Fire      3%         2d5       99%         4
 Petrify                  Tmut/Erth      5%         N/A       99%         4
 Animate Dead             Necr           1%         N/A       100%        4
 Passage of Golubria      Tloc           1%         N/A       100%        4
 Blade Hands              Tmut           4%         N/A       100%        5
 Freezing Cloud           Conj/Ice/Air   0%         6-21      100%        5
 Irradiate                Conj/Tmut      2%         3d12      100%        5
 Silence                  Hex/Air        2%         N/A       100%        5
 Simulacrum               Ice/Necr       0%         N/A       100%        6
 Haunt                    Necr/Summ      0%         N/A       100%        7
 Summon Hydra             Summ           0%         N/A       100%        7
 Discord                  Hex            3%         N/A       100%        8
 Infestation              Necr           0%         N/A       100%        8
 Lehudib's Crystal Spear  Conj/Erth      0%         10d2      100%        8
 Polar Vortex             Ice            0%         N/A       100%        9


Dungeon Overview and Level Annotations

Branches:
Dungeon (14/15)            Temple (1/1) D:7            Lair (5/5) D:9
 Shoals (0/4) Lair:3        Snake (0/4) Lair:3        Slime (0/5) Lair:4
    Orc (0/2) D:10         Bailey (visited)           IceCv (1/1)
Volcano (visited)
 Vaults: D:13-14

Altars:
Ashenzari
Cheibriados
Dithmenos
Fedhas
Gozag
Hepliaklqana
Kikubaaqudgha
Makhleb
Nemelex Xobeh
Ru
Uskayaw
Vehumet
Xom
Jiyva

Shops:
D:7 (   D:13 (   D:14 *


Innate Abilities, Weirdness & Mutations

You are very small and have problems with some larger weapons.
You are too small for most types of armour.
You have supernaturally acute eyesight. (SInv)
You cover ground extremely quickly. (Speed+++)


Message History

The bolt melts the caustic shrike simulacrum.
The caustic shrike simulacrum is heavily damaged.
Your shadow shoots a bolt.
The bolt misses the caustic shrike simulacrum.
The caustic shrike simulacrum closely misses you.
The caustic shrike simulacrum completely misses you.
Fire: K) +2 arbalest (flame)
Press: ? - help, Q - select action, (/) - cycle Shift-Dir - straight line, f/p - caustic shrike simulacrum
Aim: a caustic shrike simulacrum (heavily damaged, umbra, 68% to hit)
You shoot a bolt.
The bolt hits the caustic shrike simulacrum!
The bolt melts the caustic shrike simulacrum.
The caustic shrike simulacrum is severely damaged.
The caustic shrike simulacrum claws you!
The caustic shrike simulacrum freezes you!!
You emit a cloud of dark smoke.
The dire elephant simulacrum misses you.
The dire elephant simulacrum completely misses you.
The caustic shrike simulacrum misses you.
Fire: K) +2 arbalest (flame)
Press: ? - help, Q - select action, (/) - cycle Shift-Dir - straight line, f/p - caustic shrike simulacrum
Aim: a caustic shrike simulacrum (black smoke, severely damaged, umbra, 68% to hit)
You shoot a bolt.
The bolt hits the caustic shrike simulacrum.
The bolt melts the caustic shrike simulacrum.
The caustic shrike simulacrum is almost destroyed.
The caustic shrike simulacrum misses you.
The caustic shrike simulacrum completely misses you.
The dire elephant simulacrum tramples you!
* * * LOW HITPOINT WARNING * * *
You emit a cloud of dark smoke.
You stumble backwards!
Fire: K) +2 arbalest (flame)
Press: ? - help, Q - select action, (/) - cycle Shift-Dir - straight line, f/p - caustic shrike simulacrum
Aim: a caustic shrike simulacrum (almost destroyed, umbra, 68% to hit)
You shoot a bolt.
The bolt barely misses the caustic shrike simulacrum.
The caustic shrike simulacrum claws you.
* * * LOW HITPOINT WARNING * * *
The caustic shrike simulacrum freezes you!!
You die...

...## ..... ......
...... #### ......#
##..##
.......######....##
......§§§##.......#
⌠.....§§§§..Z@∩∩..#
......§§§§Z.......#
.......##§§##....##
......# ######..##
...... #### ......
..... ...##


You could see a dire elephant simulacrum and a caustic shrike simulacrum.

Vanquished Creatures
  A stone giant (D:11)
  An ettin (D:11)
  Josephine (D:13)
  An ice dragon (D:11)
  9 hydras
  A caustic shrike simulacrum (IceCv)
  A two-headed ogre (D:10)
  7 centaur warriors
  10 death yaks
  Sonja (Lair:4)
  A hell knight (Volcano)
  A goliath frog (Lair:5)
  Lodul (D:13)
  4 skeletal warriors (D:11)
  3 flayed ghosts (D:11)
  An obsidian statue (D:12)
  A spriggan simulacrum (IceCv)
  A wizard (D:14)
  A deep elf zephyrmancer (D:10)
  2 swamp dragons (Lair:5)
  A lindwurm (Lair:5)
  7 deep elf pyromancers
  2 orc knights
  3 ugly things
  An orc sorcerer (Bailey)
  A will-o-the-wisp (Lair:4)
  An oklob plant (Lair:1)
  An elephant (D:9)
  4 cyclopes
  A manticore (D:13)
  2 naga magi (D:14)
  An ice statue (D:14)
  An unseen horror (D:11)
  2 torpor snails
  17 cane toads
  A kobold demonologist (Bailey)
  5 komodo dragons
  8 rime drakes
  A yaktaur (Volcano)
  An efreet (D:11)
  An ice devil (IceCv)
  A meliai (shapeshifter) (D:11)
  5 trolls
  2 hornets
  3 polar bears
  A wind drake (shapeshifter) (D:14)
  4 tyrant leeches (Lair:5)
  19 blink frogs
  5 slime creatures
  A dream sheep (Lair:5)
  Grinder (D:4)
  Sigmund (D:2)
  A spriggan (shapeshifter) (D:10)
  7 wraiths
  2 vampires
  3 fire bats (Lair:1)
  5 basilisks
  33 yaks
  A human (shapeshifter) (D:11)
  10 vampire mosquitoes
  A steam dragon (D:7)
  3 nagas
  Edmund (D:4)
  Menkaure (D:4)
  2 acid dragons
  8 water moccasins
  A sky beast (D:7)
  11 orc warriors
  2 swamp drakes
  An alligator simulacrum (IceCv)
  A boggart (D:11)
  8 ogres
  A black bear (D:7)
  8 wolves (Lair:3)
  11 centaurs
  A phantom (D:6)
  10 bullfrogs
  2 kobold brigands
  A gnoll sergeant (D:10)
  3 scorpions
  A deep troll simulacrum (IceCv)
  23 killer bees
  7 electric eels
  3 howler monkeys (D:8)
  A crimson imp (D:10)
  3 hounds
  4 jellies
  5 orc priests
  Crazy Yiuf (D:2)
  A gnoll bouda (D:9)
  An iron imp (D:10)
  Jessica (D:2)
  4 iguanas
  10 orc wizards
  16 gnolls
  6 adders
  2 shadow imps
  2 white imps
  An ufetubus (D:3)
  5 worms
  62 orcs
  4 ball pythons
  3 endoplasms
  4 giant cockroaches
  12 hobgoblins
  2 jackals (D:1)
  13 kobolds
  5 quokkas
  4 bats
  4 frilled lizards
  11 goblins
  3 rats
  A bush (Lair:1)
518 creatures vanquished.

Vanquished Creatures (collateral kills)
  Nessos (Lair:4)
1 creature vanquished.

Vanquished Creatures (others)
  4 foxfires
  12 fungi
  65 plants
  2 withered plants (D:11)
83 creatures vanquished.

Grand Total: 602 creatures vanquished

Notes
Turn   | Place    | Note
-------+----------+-------------------------------------------
     0 | D:1      | LustLizard the Spriggan Hunter began the quest for the Orb.
     0 | D:1      | Reached XP level 1. HP: 10/10 MP: 2/2
   320 | D:1      | Found a faded altar of an unknown god.
   603 | D:1      | Reached XP level 2. HP: 14/14 MP: 3/3
   949 | D:2      | Noticed Jessica
   951 | D:2      | Killed Jessica
   952 | D:2      | Reached XP level 3. HP: 18/18 MP: 4/4
   974 | D:2      | Learned a level 2 spell: Wereblood
  1153 | D:2      | Noticed Sigmund
  1511 | D:2      | Killed Sigmund
  1512 | D:2      | Reached skill level 5 in Ranged Weapons
  1512 | D:2      | Reached XP level 4. HP: 22/22 MP: 4/8
  1512 | D:2      | Reached XP level 5. HP: 25/25 MP: 4/9
  1742 | D:2      | Found a runed translucent door.
  1743 | D:2      | Noticed Crazy Yiuf
  2163 | D:2      | Killed Crazy Yiuf
  2556 | D:3      | Reached XP level 6. HP: 30/30 MP: 10/10
  2560 | D:3      | Found a hide-covered altar of Uskayaw.
  2969 | D:3      | Reached skill level 6 in Ranged Weapons
  3187 | D:3      | Reached skill level 5 in Stealth
  3349 | D:4      | Noticed Menkaure
  3375 | D:4      | Noticed Edmund
  3434 | D:4      | Learned a level 3 spell: Inner Flame
  3548 | D:4      | Noticed Grinder
  3579 | D:4      | Killed Grinder
  3580 | D:4      | Reached skill level 1 in Hexes
  3580 | D:4      | Reached skill level 1 in Fire Magic
  3580 | D:4      | Reached XP level 7. HP: 18/33 MP: 11/11
  4234 | D:4      | Killed Edmund
  4235 | D:4      | Reached skill level 7 in Ranged Weapons
  4501 | D:4      | Killed Menkaure
  4561 | D:5      | Entered Level 5 of the Dungeon
  4584 | D:5      | Found a sacrificial altar of Ru.
  4617 | D:5      | Found a snail-covered altar of Cheibriados.
  5112 | D:5      | Reached skill level 8 in Ranged Weapons
  5112 | D:5      | Reached XP level 8. HP: 37/37 MP: 12/12
  5907 | D:5      | Found a shimmering altar of Xom.
  6085 | D:6      | Reached skill level 9 in Ranged Weapons
  6500 | D:6      | Found a hazy altar of Hepliaklqana.
  6655 | D:6      | Found a burning altar of Makhleb.
  6766 | D:7      | Reached skill level 10 in Ranged Weapons
  6766 | D:7      | Reached XP level 9. HP: 12/41 MP: 13/13
  6871 | D:7      | Found Fupaz's Antique Weapon Emporium.
  6979 | D:7      | Found a staircase to the Ecumenical Temple.
  6985 | Temple   | Entered the Ecumenical Temple
  6997 | Temple   | Became a worshipper of Dithmenos the Shadowed
  7192 | D:7      | Found a flagged portal.
  7202 | D:7      | Reached skill level 5 in Dodging
  7228 | Bailey   | Entered a bailey
  7675 | Bailey   | Noticed an orc knight
  8843 | Bailey   | Reached skill level 11 in Ranged Weapons
  8931 | Bailey   | Identified the +0 swamp dragon scales of Integrity {rPois
                  | Int+4}
  9829 | Bailey   | Noticed a kobold demonologist
  9831 | Bailey   | Noticed an orc sorcerer
  9844 | Bailey   | Acquired the +1 hat of Impressiveness {rPois rF++ Int-2}
  9876 | Bailey   | Reached skill level 13 in Ranged Weapons
  9876 | Bailey   | Reached XP level 10. HP: 51/51 MP: 14/14
  9926 | Bailey   | Noticed an orange demon
 10286 | Bailey   | Killed an orc knight
 10446 | Bailey   | Found an iron altar of Okawaru.
 10467 | Bailey   | Identified the +9 sling "Beodyzom" {flame, Fly rElec}
 10468 | Bailey   | Identified the +4 sling of the Six Gods {speed, rC+ rN+
                  | rCorr Dex+4}
 10639 | Bailey   | Killed an orc sorcerer
 10639 | Bailey   | Reached * piety under Dithmenos
 11331 | D:8      | Found the +2 cloak of the Thief {*Fog Slay-2 SInv Stlth+}
 11645 | D:8      | Reached XP level 11. HP: 54/54 MP: 15/15
 11978 | D:9      | Reached skill level 14 in Ranged Weapons
 12086 | D:9      | Noticed a death yak
 12150 | D:9      | Killed a death yak
 12165 | D:9      | Reached ** piety under Dithmenos
 12354 | D:9      | Found a radiant altar of Vehumet.
 12426 | D:9      | Found a staircase to the Lair.
 12469 | D:9      | Paralysed by a hornet for 3 turns
 12929 | D:9      | Found an opulent altar of Gozag.
 13042 | D:10     | Entered Level 10 of the Dungeon
 13194 | D:10     | Found a broken altar of Ashenzari.
 13195 | D:10     | Found a sparkling altar of Nemelex Xobeh.
 13270 | D:10     | Found a staircase to the Orcish Mines.
 13522 | D:10     | Reached skill level 1 in Invocations
 13522 | D:10     | Reached skill level 1 in Evocations
 13624 | D:10     | Found a blossoming altar of Fedhas.
 13715 | D:10     | Reached *** piety under Dithmenos
 13739 | D:10     | Noticed a two-headed ogre
 13766 | D:10     | Killed a two-headed ogre
 13767 | D:10     | Reached skill level 15 in Ranged Weapons
 14130 | D:10     | Noticed a deep elf pyromancer
 14138 | D:10     | Killed a deep elf pyromancer
 14172 | D:10     | Noticed a deep elf zephyrmancer
 14188 | D:10     | Killed a deep elf zephyrmancer
 14575 | D:11     | Noticed a four-headed hydra
 14577 | D:11     | Noticed a boulder beetle
 14581 | D:11     | Killed a four-headed hydra
 14582 | D:11     | Reached skill level 10 in Dodging
 14602 | D:11     | Reached XP level 12. HP: 58/58 MP: 16/16
 14630 | D:11     | Noticed a centaur warrior
 14808 | D:11     | Killed a centaur warrior
 14901 | D:11     | Found an ancient bone altar of Kikubaaqudgha.
 14985 | D:11     | Reached **** piety under Dithmenos
 14986 | D:11     | Reached skill level 5 in Evocations
 15360 | D:11     | Noticed a centaur warrior
 15372 | D:11     | Killed a centaur warrior
 15560 | D:11     | Noticed an ettin
 15561 | D:11     | Noticed a stone giant
 15574 | D:11     | Noticed an ice dragon
 15630 | D:11     | Reached skill level 16 in Ranged Weapons
 15699 | D:11     | Killed a stone giant
 15843 | D:11     | Killed an ettin
 16025 | D:11     | Reached skill level 5 in Invocations
 16350 | D:11     | Identified the +12 broad axe "Axzucror" {pain, *Rage Dex+4}
 17538 | D:11     | Killed an ice dragon
 17726 | Lair:1   | Entered Level 1 of the Lair of Beasts
 17757 | Lair:1   | Noticed a six-headed hydra
 17772 | Lair:1   | Killed a six-headed hydra
 17788 | Lair:1   | Reached XP level 13. HP: 63/63 MP: 18/18
 18194 | Lair:1   | Reached skill level 17 in Ranged Weapons
 18353 | Lair:1   | Reached skill level 5 in Fighting
 18356 | Lair:1   | Found a dark tunnel.
 18365 | Volcano  | Entered a volcano
 20191 | Lair:3   | Found a staircase to the Shoals.
 20342 | Lair:3   | Reached ***** piety under Dithmenos
 20448 | Lair:3   | Found a staircase to the Snake Pit.
 20452 | Lair:3   | Reached skill level 18 in Ranged Weapons
 20973 | Lair:4   | Noticed Sonja
 21131 | Lair:4   | Found a viscous altar of Jiyva.
 21132 | Lair:4   | Found a staircase to the Slime Pits.
 21264 | Lair:4   | Noticed Nessos
 21628 | Lair:4   | Killed Sonja
 21903 | Lair:4   | Killed Nessos
 21999 | Lair:5   | Entered Level 5 of the Lair of Beasts
 22040 | Lair:5   | Reached XP level 14. HP: 70/70 MP: 19/19
 22596 | Lair:5   | Reached skill level 19 in Ranged Weapons
 22676 | Lair:5   | Reached skill level 10 in Evocations
 22744 | Lair:5   | Found the +7 Spriggan's Knife {stab, EV+4 Stlth+}
 22759 | Lair:5   | Identified the +8 falchion of Laceration {holy, rF+ rC+}
 23262 | D:12     | Identified the +2 chain mail of the Transparent God {*Slow
                  | rCorr Str-2 Int+6}
 23409 | D:12     | Reached ****** piety under Dithmenos
 24006 | D:13     | Found Xuludgha's Weapon Shop.
 24254 | D:13     | Noticed Lodul
 24270 | D:13     | Killed Lodul
 24277 | D:13     | Reached skill level 10 in Stealth
 24615 | D:13     | Noticed Josephine
 24620 | D:13     | Killed Josephine
 24764 | D:14     | Found a frozen archway.
 24797 | D:14     | Reached XP level 15. HP: 71/77 MP: 20/20
 24911 | D:14     | Found Wana's Serpentskin Sales.
 25046 | IceCv    | Entered an ice cave
 25101 | IceCv    | Mangled by a caustic shrike simulacrum

Illustrated notes

Levels and vault maps discovered:
D:1:      heliophobic_arrival_glass_houses, layout_basic,
          hellmonk_ecumenical_altar_lost_god, due_unseen_surprise
D:2:      cheibrodos_greedy_goblins, layout_basic, reono_crystal_passage,
          uniq_sigmund, uniq_jessica, uniq_crazy_yiuf_cottage
D:3:      layout_basic, lemuel_round_altar
D:4:      layout_cave_pools, uniq_edmund, uniq_menkaure, uniq_grinder
D:5:      layout_basic, mainiacjoe_overflow_paths, mainiacjoe_overflow_brackets,
          lemuel_coloured_pillars_altar
D:6:      layout_basic, mainiacjoe_overflow_surrounded_room,
          nzn_hepliaklqana_mist_gate, minmay_bent
D:7:      layout_loops_corners, minmay_temple_entry_hall, serial_glass,
          glass_columns_b, glass_columns_a, feat_on_display, feat_on_display,
          serial_shops, nicolae_shop_stone, enter_bailey_2, nicolae_sextant
D:8:      layout_basic
D:9:      layout_roguey, lemuel_tele_altar, vehumet_crystals, david_lair_generic
D:10:     layout_basic, mainiacjoe_overflow_alcove_1,
          mainiacjoe_overflow_catwalk_spiral, orc_0_dummy, serial_curves,
          eino_curves_03, eino_curves_01, eino_curves_03, hangedman_minor_magic
D:11:     minmay_tile_spiral, layout_gridville, kiku_gazebo_garden_becter
D:12:     layout_stronghold, nrook_mini_backslash, minivault_15
D:13:     layout_loops_ring, serial_shops, nicolae_shop_bloodbath_and_beyond,
          uniq_lodul, uniq_josephine
D:14:     minmay_blocky_corners, layout_small_grid, ximxim_vaults_locker_room,
          elyvilon_altar_3, portal_ice_cave_entry_ice_statue_one,
          guppyfry_shop_venom
Temple:   minmay_temple_curvy_loop
Lair:1:   layout_gridlike, nicolae_volcano_entry_batcave,
          minmay_lair_oklob_items, infiniplex_staircase_pool
Lair:2:   layout_gridlike, infiniplex_staircase_pool_2
Lair:3:   layout_concentric_octagons, shoals_dummy_entry,
          guppyfry_snake_entry_garden, nicolae_lair_lil_pond,
          chequers_serial_rivers_marsh, lemuel_fruit_tree, grunt_megastairs_1,
          serial_bayou_shore_a
Lair:4:   layout_long_grid, minmay_slime_entry_oklob_open, uniq_sonja,
          uniq_nessos
Lair:5:   minmay_lair_end_frog_pond, layout_big_grid, pond
IceCv:    ice_cave_tombish

Skill      XL: |  1  2  3  4  5  6  7  8  9 10 11 12 13 14 15 |
---------------+----------------------------------------------+-----
Stealth        | 2 3 4 5 7 8 10 | 10.9
Ranged Weapons | 5 6 8 10 13 15 16 18 19 | 19.2
Spellcasting   | 2 |  2.4
Transmutations | 2 |  2.5
Hexes          | 1 |  1.7
Fire Magic     | 1 |  1.0
Dodging        | 4 6 7 10 11 12 13 | 13.1
Fighting       | 4 6 8 |  8.4
Armour         | 3 |  3.8
Invocations    | 3 5 6 |  6.1
Evocations     | 4 7 8 11 | 11.5

Action                   |  1- 3 |  4- 6 |  7- 9 | 10-12 | 13-15 || total
-------------------------+-------+-------+-------+-------+-------++-------
 Fire: Shortbow          |    78 |   120 |   502 |   104 |       ||   804
       Sling             |       |       |       |   764 |   248 ||  1012
       Arbalest          |       |       |       |       |   584 ||   584
Throw: Throwing net      |       |       |       |     2 |       ||     2
 Cast: Wereblood         |       |     6 |     5 |     1 |     1 ||    13
       Inner Flame       |       |       |     6 |       |       ||     6
Evoke: Wand              |       |       |       |     8 |       ||     8
       Phantom mirror    |       |       |       |       |     1 ||     1
  Use: Scroll            |     1 |     1 |     4 |    11 |     8 ||    25
       Potion            |       |       |     2 |       |       ||     2
Armor: Robe              |     4 |     4 |    12 |       |       ||    20
       Swamp dragon scal |       |       |     2 |    40 |    45 ||    87
Dodge: Dodged            |    23 |    34 |   130 |   265 |   445 ||   897
Block: Other             |       |       |       |    53 |       ||    53
       Reflection        |       |       |       |     3 |       ||     3
